 Dungeon Crawl Stone Soup version 0.30-a0-777-ga9a30cbeda (webtiles) character file.

Game seed: 11705500334078241027

7 Smoke131 the Cudgeller (level 2, 25/29 HPs)
             Began as an Ogre Gladiator on Feb 14, 2023.
             Quit the game on level 1 of the Dungeon.
             The game lasted 00:02:44 (170 turns).

Smoke131 the Cudgeller (Ogre Gladiator)              Turns: 170, Time: 00:02:44

Health: 25/29      AC:  3    Str: 17    XL:     2   Next: 4%
Magic:  2/2        EV: 10    Int:  9    God:
Gold:   25         SH:  0    Dex: 10    Spells: 1/1 levels left

rFire   . . .      SeeInvis .    a - +0 flail
rCold   . . .      Faith    .    (no shield)
rNeg    . . .      Spirit   .    b - +0 robe
rPois   .          Reflect  .    c - +0 hat
rElec   .          Harm     .    (no cloak)
rCorr   .          Rampage  .    (gloves unavailable)
Will    .....                    (boots unavailable)
Stlth   +                        (no amulet)
HPRegen 0.24/turn                (no ring)
MPRegen 0.08/turn                (no ring)

@: no status effects
A: large, unfitting armour, tough skin 1
a: no special abilities


You were on level 1 of the Dungeon.
You visited 1 branch of the dungeon, and saw 1 of its levels.

You collected 25 gold pieces.

Inventory:

Hand Weapons
 a - a +0 flail (weapon)
Missiles
 d - 3 throwing nets
 e - a large rock
 f - a stone (quivered)
Armour
 b - a +0 robe (worn)
 c - a +0 hat (worn)


   Skills:
 + Level 2.8 Fighting
 + Level 2.9 Maces & Flails
 + Level 2.1 Throwing
 + Level 2.8 Dodging


You had one spell level left.
You didn't know any spells.
Your spell library was empty.

Dungeon Overview and Level Annotations

Branches:
Dungeon (1/15)

Altars:


Innate Abilities, Weirdness & Mutations

You are too large for most types of armour.
You have tough skin. (AC +1)


Message History

The hobgoblin hits you.
You sock the hobgoblin!
You kill the hobgoblin!
You thump the hobgoblin!
You kill the hobgoblin!
You barely miss the rat. The rat barely misses you.
You hit the rat.
You kill the rat!
The quokka closely misses you.
You closely miss the quokka. The quokka barely misses you.
You hit the quokka.
You kill the quokka!
You see here a quokka corpse.
Found a dagger.
You see here a +0 dagger.
A goblin comes into view. It is wielding a +0 club.
The goblin moves out of view.
You barely miss the goblin. The goblin barely misses you.
The goblin hits you with a +0 club.
You barely miss the goblin. The goblin closely misses you.
You hit the goblin but do no damage. The goblin hits you with a +0 club.
You hit the goblin.
The goblin is heavily wounded.
The goblin completely misses you.
You hit the goblin.
You kill the goblin!
You have reached level 2!
You aren't carrying any potions.
Press: ? - help, v - describe, . - travel The floor.
You aren't carrying any potions.
Unknown command.
You don't know any spells.
There's nothing to close nearby.
Okay, then.
Okay, then.
Save game and exit?
Welcome back, Smoke131 the Ogre Gladiator.
Press ? for a list of commands and other information.
Are you sure you want to abandon this character and quit the game? (Confirm with "yes".)

#.#
#......###
#)# #.###.##
#.# #.##..#
#.###.#...###
#............
#####.#...###
#.##.##
##.####
####..@###
#...)....#
#........#
#.....$...#
#........##
#.#........
#.##...#.###
# .#.#..#
.###.##


There were no monsters in sight!

Vanquished Creatures
  A giant cockroach (D:1)
  A goblin (D:1)
  2 hobgoblins (D:1)
  A quokka (D:1)
  A rat (D:1)
6 creatures vanquished.

Notes
Turn   | Place    | Note
-------+----------+-------------------------------------------
     0 | D:1      | Smoke131 the Ogre Gladiator began the quest for the Orb.
     0 | D:1      | Reached XP level 1. HP: 22/22 MP: 1/1
   169 | D:1      | Reached XP level 2. HP: 24/29 MP: 2/2
   170 | D:1      | Quit the game

Illustrated notes

Levels and vault maps discovered:
D:1:      minmay_arrival_cross, layout_loops_corners

Action                     || total
---------------------------++-------
  Melee: Flail             ||    16
  Dodge: Dodged            ||    11

Table legend: (Time is in decaauts)
 A = Elapsed time spent in this place.
 B = Non-inter-level travel time spent in this place.
 C = Inter-level travel time spent in this place.
 D = Time resting spent in this place.
 E = Time spent auto-exploring this place.
 F = Levels seen in this place.
 G = Mean time per level.
                   A        B        C        D        E       F      G
               +--------+--------+--------+--------+--------+-----+--------+
         Total |    174 |    174 |      0 |      0 |      7 |   1 |  174.0 |
       Dungeon |    174 |    174 |      0 |      0 |      7 |   1 |  174.0 |
               +--------+--------+--------+--------+--------+-----+--------+

Top non-repeatable levels by time:
     D:1: 174 daAuts
